 Dungeon Crawl Stone Soup version 0.28-a0-938-gbc3f381ebc (webtiles) character file.

Game seed: 16783792518304129138

28 derath95 the Digger (level 3, 0/19 HPs)
             Began as a Gargoyle Earth Elementalist on Nov 29, 2021.
             Slain by Sigmund (11 damage)
             ... on level 1 of the Dungeon.
             The game lasted 00:05:35 (893 turns).

derath95 the Digger (Gargoyle Earth Elementalist)    Turns: 893, Time: 00:05:35

Health: 0/19       AC:  5    Str: 11    XL:     3   Next: 12%
Magic:  6/6        EV: 11    Int: 16    God:
Gold:   45         SH:  0    Dex: 10    Spells: 4/7 levels left

rFire   . . .      SeeInvis .   a - staff of conjuration
rCold   . . .      Faith    .   (no shield)
rNeg    + . .      Spirit   .   b - +0 robe
rPois   ∞          Reflect  .   (no helmet)
rElec   +          Harm     .   (no cloak)
rCorr   .          Rampage  .   (no gloves)
Will    .....                   (no boots)
Stlth   +.........              (no amulet)
HPRegen 0.06/turn               (no ring)
MPRegen 0.10/turn               (no ring)

@: confused
A: sickness immunity, AC +3, negative energy resistance 1, electricity
resistance, torment resistance 1, petrification resistance
a: no special abilities


You were on level 1 of the Dungeon.
You visited 1 branch of the dungeon, and saw 2 of its levels.

You collected 45 gold pieces.

Inventory:

Missiles
 c - 61 stones
Armour
 b - a +0 robe (worn)
Magical Staves
 a - a staff of conjuration (weapon)


   Skills:
 - Level 1.5 Dodging
 - Level 2.1 Stealth
 + Level 2.6 Spellcasting
 - Level 0.7 Transmutations
 + Level 4.4 Earth Magic


You had 4 spell levels left.
You knew the following spells:

 Your Spells              Type           Power      Damage    Failure   Level
a - Sandblast             Erth           32%        2d9       3%          1
b - Passwall              Tmut/Erth      8%         N/A       10%         2

Your spell library contained the following spells:

 Spells                   Type           Power      Damage    Failure   Level
 Stone Arrow              Conj/Erth      26%        3d8       24%         3
 Petrify                  Tmut/Erth      10%        N/A       54%         4


Dungeon Overview and Level Annotations

Branches:
Dungeon (2/15)

Altars:

Annotations:
D:1 Sigmund


Innate Abilities, Weirdness & Mutations

You are immune to sickness and miasma.
Your stone body is resilient. (AC +3)
You are immune to poison.
You resist negative energy. (rN+)
You are resistant to electric shocks. (rElec)
You are resistant to unholy torment.
You are immune to petrification.


Message History

Confirm with . or Enter, or press ? or * to list all spells.
Aiming: Sandblast (safe; 3% risk of failure)
Press: ? - help, Shift-Dir - straight line, f - Sigmund
Aim: Sigmund, wielding a +0 scythe and wearing a +0 robe of the Archmagi (77% to hit)
The blast of sand hits Sigmund.
Sigmund is lightly wounded.
Sigmund gestures at you while chanting.
You are confused.
You're too confused to cast spells.
Sorry, you're not good enough to have a special ability.
Sigmund barely misses you.
In your confused state, you trip and fall back down the stairs.
Sigmund points at you and mumbles some strange words.
You resist with significant effort.
You climb upwards.
There is a stone staircase leading down here.
You're too confused to cast spells.
Sorry, you're not good enough to have a special ability.
There are monsters nearby!
You miss Sigmund.
Sigmund is lightly wounded.
The dart slug bites you. Sigmund casts a spell at you.
You are more confused.
You barely miss Sigmund.
Sigmund is lightly wounded.
Sigmund gestures at you while chanting. The magic dart hits you.
The dart slug launches a dart at you. The slug dart hits you.
Sigmund points at you and mumbles some strange words.
You are more confused.
The dart slug bites you but does no damage.
You're too confused to cast spells.
Sorry, you're not good enough to have a special ability.
You closely miss Sigmund.
Sigmund is lightly wounded.
Sigmund hits you with a +0 scythe!
Ouch! That really hurt!
You die...

##.#...............
##....#########..###
#...### ##.# # #..##
#.### #..# #....
##.## ###..
#####..### #..
#......w># #..
#......@@# ##.
#........# ##.
########## #.. #..
#.. ##. ## #


You could see Sigmund and a dart slug.

Vanquished Creatures
  An adder (D:2)
  3 ball pythons (D:1)
  3 bats (D:1)
  2 endoplasms
  3 hobgoblins (D:1)
  2 kobolds (D:1)
  A quokka (D:1)
  A frilled lizard (D:1)
  3 rats (D:1)
19 creatures vanquished.

Notes
Turn   | Place    | Note
-------+----------+-------------------------------------------
     0 | D:1      | derath95 the Gargoyle Earth Elementalist began the quest
                  | for the Orb.
     0 | D:1      | Reached XP level 1. HP: 10/10 MP: 3/3
   186 | D:1      | Reached skill level 4 in Earth Magic
   198 | D:1      | Reached XP level 2. HP: 14/15 MP: 3/5
   609 | D:2      | Noticed Sigmund
   615 | D:1      | Learned a level 2 spell: Passwall
   619 | D:2      | Reached XP level 3. HP: 10/19 MP: 3/6
   893 | D:1      | Slain by Sigmund

Illustrated notes

Levels and vault maps discovered:
D:1:      scummos_arrival_star, layout_rooms
D:2:      layout_rooms, minmay_vboxes, uniq_sigmund

Skill      XL: |  1 |
---------------+----+-----
Earth Magic    | 4 |  4.4
Dodging        | |  1.5
Stealth        | |  2.1
Spellcasting   | |  2.6
Transmutations | |  0.7

Action                   || total
-------------------------++-------
Melee: Unarmed           ||    15
       Staff             ||    18
 Cast: Sandblast         ||    21
Armor: Robe              ||    25
Dodge: Dodged            ||    35

Table legend: (Time is in decaauts)
 A = Elapsed time spent in this place.
 B = Non-inter-level travel time spent in this place.
 C = Inter-level travel time spent in this place.
 D = Time resting spent in this place.
 E = Time spent auto-exploring this place.
 F = Levels seen in this place.
 G = Mean time per level.
                   A        B        C        D        E       F      G
               +--------+--------+--------+--------+--------+-----+--------+
         Total |    898 |    859 |     39 |    250 |    116 |   2 |  449.0 |
       Dungeon |    898 |    859 |     39 |    250 |    116 |   2 |  449.0 |
               +--------+--------+--------+--------+--------+-----+--------+

Top non-repeatable levels by time:
     D:1: 884 daAuts
     D:2: 13 daAuts
